 Dungeon Crawl Stone Soup version 0.20.0-3-g22ec75f (webtiles) character file.

326 Minion the Vandal (level 6, -4/52 HPs)
             Began as a Deep Dwarf Hunter on May 27, 2017.
             Was a Follower of Trog.
             Killed by divine providence
             ... invoked by an orc priest
              (9 damage)
             ... on level 4 of the Dungeon.
             The game lasted 00:07:11 (2334 turns).

Minion the Vandal (Deep Dwarf Hunter)               Turns: 2334, Time: 00:07:12

Health: -4/52      AC:  5    Str: 15    XL:     6   Next: 24%
Magic:  6/6        EV: 12    Int: 12    God:    Trog [*.....]
Gold:   200        SH:  0    Dex: 15    Spells: 5/5 levels left

rFire    . . .     SeeInvis +   a - +1 hunting sling
rCold    . . .     Gourm    .   (no shield)
rNeg     . . .     Faith    .   t - +2 leather armour "Ronucekue" {rElec rPois Regen+ Stlth-}
rPois    +         Spirit   .   (no helmet)
rElec    +         Reflect  .   n - scarf {cloud immunity}
rCorr    +         Harm     .   (no gloves)
MR       .....                  (no boots)
Stlth    +.........             (no amulet)
Regen    0.0/turn               l - ring of see invisible
MPRegen  0.1/turn               q - ring of resist corrosion

@: non-regenerating
A: damage resistance, heal wounds, sense surroundings 1, no regeneration
a: Heal Wounds, Berserk, Burn Spellbooks, Renounce Religion


You were on level 4 of the Dungeon.
You worshipped Trog.
Trog was aware of your devotion.
You were not hungry.

You visited 1 branch of the dungeon, and saw 4 of its levels.

You collected 200 gold pieces.

Inventory:

Hand Weapons
 a - a +1 hunting sling (weapon)
 b - a +0 short sword
Missiles
 d - 22 sling bullets
 g - 52 stones (quivered)
Armour
 e - a +0 ring mail
 n - a scarf of cloud immunity (worn)
 t - the +2 leather armour "Ronucekue" (worn) {rElec rPois Regen+ Stlth-}
   (You found it on level 4 of the Dungeon)

   It insulates you from electricity.
   It protects you from poison.
   It increases your rate of regeneration.
   It makes you less stealthy.
Jewellery
 l - a ring of see invisible (left hand)
 q - a ring of resist corrosion (right hand)
Scrolls
 c - a scroll of enchant weapon {unknown}
 j - a scroll of identify {unknown}
 k - a scroll of fear {unknown}
 m - a scroll of remove curse {unknown}
 o - 3 scrolls of teleportation {unknown}
Potions
 p - a potion of might {unknown}
 u - a potion of agility
Comestibles
 f - 4 bread rations
 h - 6 fruits
 i - a chunk of flesh
 r - a meat ration
 s - 2 royal jellies


   Skills:
 - Level 1.7 Fighting
 + Level 6.5 Slings
 + Level 4.9 Armour
 - Level 2.1 Dodging
 - Level 1.2 Stealth


You had 5 spell levels left.
You didn't know any spells.

Dungeon Overview and Level Annotations

Branches:
Dungeon (4/15)
 Temple: D:4-7

Altars:
Fedhas
Trog

Shops:
D:4 ?


Innate Abilities, Weirdness & Mutations

You are resistant to damage.
You can heal yourself by infusing magical energy.
You passively map a small area around you.
You do not regenerate.


Message History

You shoot a stone. The stone barely misses the orc priest.
The orc priest calls down the wrath of Beogh upon you.
You resist with significant effort.
Firing (i - inventory. (,) - cycle):
g - 54 stones (quivered)
Press: ? - help, Shift-Dir - straight line, f/p - orc priest
Aim: an orc priest, wielding a club (lightly wounded)
You shoot a stone.
The stone completely misses the orc priest.
Firing (i - inventory. (,) - cycle):
g - 53 stones (quivered)
Press: ? - help, Shift-Dir - straight line, f/p - orc priest
Aim: an orc priest, wielding a club (lightly wounded)
You shoot a stone. The stone barely misses the orc priest.
The orc priest calls down the wrath of Beogh upon you.
Pain shoots through your body!
* * * LOW HITPOINT WARNING * * *
The orc priest hits you but does no damage.
Unknown command.
The orc priest calls down the wrath of Beogh upon you.
Beogh smites you!
You die...

* * ** *.(# #..# ####### ,
..(# #..# # * #..####..## *
#. ,... ......## , *
#.#####.# ##.....## #
#......o###.......######
#####..o#(##.........##...
.........o(+.........+....
#######...#@##.........##.#.
#........##.###.......###.#.
, .#####.###.# ##.....##
#... ###)###.# ##...## ###.
* * #.....).# ##'## #. ,
#.#)##### #.# #. #.###.#.#
#.# #. * *#......)### ##.##
#. #####.....# ##...#######.


You could see 2 orc priests and an orc wizard (invisible).

Vanquished Creatures
  A phantom (D:4)
  An orc priest (D:4)
  2 orc wizards
  4 adders
  6 worms
  2 dart slugs
  4 leopard geckos
  7 orcs
  7 giant cockroaches
  4 goblins
  9 hobgoblins
  11 jackals
  7 bats
  6 frilled lizards
  7 kobolds
  A leopard gecko skeleton (D:4)
  7 rats
86 creatures vanquished.

Notes
Turn   | Place    | Note
-------+----------+-------------------------------------------
     0 | D:1      | Minion the Deep Dwarf Hunter began the quest for the Orb.
     0 | D:1      | Reached XP level 1. HP: 19/19 MP: 1/1
   153 | D:1      | Reached skill level 1 in Armour
   172 | D:1      | Reached XP level 2. HP: 21/26 MP: 2/2
   516 | D:1      | Reached XP level 3. HP: 26/32 MP: 3/3
   595 | D:1      | Reached skill level 5 in Slings
   923 | D:2      | Reached XP level 4. HP: 29/39 MP: 4/4
  1326 | D:2      | Found a bloodstained altar of Trog.
  1334 | D:2      | Became a worshipper of Trog the Wrathful
  1527 | D:3      | Reached XP level 5. HP: 26/45 MP: 5/5
  1692 | D:3      | Found a blossoming altar of Fedhas.
  1878 | D:4      | Got a twisted leather armour
  1889 | D:4      | Identified the +2 leather armour "Ronucekue" {rElec rPois Regen+ Stlth-} (You found it on level 4 of the Dungeon)
  1907 | D:4      | Reached * piety under Trog
  1960 | D:4      | Found Wunoakie's Magic Scroll Emporium.
  2221 | D:4      | Noticed a phantom
  2240 | D:4      | Killed a phantom
  2240 | D:4      | Reached skill level 6 in Slings
  2288 | D:4      | Reached XP level 6. HP: 18/52 MP: 6/6
  2300 | D:4      | HP: 1/52 [orc priest/divine providence (8)]
  2334 | D:4      | Killed from afar by an orc priest

Skill      XL: |  1  2  3  4  5 |
---------------+----------------+-----
Armour         | 1 2 3 4 |  4.9
Slings         | 5 6 |  6.5
Fighting       | |  1.7
Dodging        | |  2.1
Stealth        | |  1.2

Action                   |  1- 3 |  4- 6 || total
-------------------------+-------+-------++-------
 Fire: Hunting sling     |   132 |   198 ||   330
 Abil: Heal Wounds       |       |     1 ||     1
  Use: Potion            |       |     4 ||     4
  Eat: Chunk             |       |     4 ||     4
Armor: Ring mail         |     6 |    15 ||    21
       Leather armour    |       |    13 ||    13
Dodge: Dodged            |    16 |    43 ||    59
